 Dungeon Crawl Stone Soup version 0.24-a0-70-gf44d0c5 (webtiles) character file.

Game seed: 2631046172784895611

52 inmateoo the Chucker (level 4, 0/26 HPs)
             Began as a Kobold Hunter on Feb 6, 2019.
             Was an Initiate of Hepliaklqana.
             Succumbed to a worker ant's poison
             ... on level 2 of the Dungeon.
             The game lasted 00:02:26 (1077 turns).

inmateoo the Chucker (Kobold Hunter)                Turns: 1077, Time: 00:02:26

Health: 0/26       AC:  4    Str: 10    XL:     4   Next: 8%
Magic:  4/4        EV: 15    Int: 12    God:    Hepliaklqana [......]
Gold:   27         SH:  0    Dex: 15    Spells: 3/3 levels left

rFire    . . .     SeeInvis .   i - +0 spear
rCold    . . .     Gourm    .   (shield restricted)
rNeg     . . .     Faith    .   b - +0 leather armour
rPois    .         Spirit   .   (no helmet)
rElec    .         Reflect  .   (no cloak)
rCorr    .         Harm     .   e - +0 pair of gloves
MR       .....                  (no boots)
Stlth    ++........             (no amulet)
HPRegen  0.08/turn              (no ring)
MPRegen  0.09/turn              (no ring)

@: lethally poisoned (0 -> -3), hasted, very quick
A: small, reduced essence, carnivore
a: Recall Ancestor, Ancestor Identity, Renounce Religion


You were on level 2 of the Dungeon.
You worshipped Hepliaklqana.
Hepliaklqana was noncommittal.
You were completely stuffed.

You visited 1 branch of the dungeon, and saw 2 of its levels.

You collected 27 gold pieces.

Inventory:

Hand Weapons
 i - a +0 spear (weapon)
Missiles
 c - 10 tomahawks
 d - 3 throwing nets (quivered)
Armour
 b - a +0 leather armour (worn)
 e - a +0 pair of gloves (worn)
Scrolls
 a - a scroll of amnesia {unknown}
 g - a scroll of teleportation {unknown}
Comestibles
 f - a ration


   Skills:
 + Level 3.9 Fighting
 * Level 1.0 Polearms
 - Level 4.3 Throwing
 + Level 2.7 Dodging
 - Level 1.3 Stealth


You had 3 spell levels left.
You didn't know any spells.
Your spell library was empty.

Dungeon Overview and Level Annotations

Branches:
Dungeon (2/15)

Altars:
Hepliaklqana


Innate Abilities, Weirdness & Mutations

You are small and have problems with some larger weapons.
You are carnivorous and can eat meat at any time.
Your life essence is reduced to manifest your ancestor. (-10% HP)


Message History

You feel sick.
There is an open door here.
* * * LOW HITPOINT WARNING * * *
You feel sick.
* * * LOW HITPOINT WARNING * * *
You feel sick.
* * * LOW HITPOINT WARNING * * *
You feel sick.
* * * LOW HITPOINT WARNING * * *
You feel sick.
Zolin emerges from the mists of memory!
* * * LOW HITPOINT WARNING * * *
You feel sick.
* * * LOW HITPOINT WARNING * * *
You feel sick.
You swap places.
You aren't carrying any potions.
* * * LOW HITPOINT WARNING * * *
You feel sick.
You die...

.# #.# ######.#..#
#...##.#..#
#...##.#...
########...##.#...
#..........##.#...
#@#####....'......
#.######...##...).
#.R...............
#############.####
#..<.....##
#..###.#...
#.....>...[
###.#...#...
####.......#..#


You could see the friendly Zolin the ancestor.

Vanquished Creatures
  A worker ant (D:2)
  A dart slug (D:1)
  A leopard gecko (D:1)
  3 bats (D:1)
  3 giant cockroaches (D:1)
  4 goblins (D:1)
  2 hobgoblins (D:1)
  A kobold (D:1)
  2 frilled lizards (D:1)
  2 rats (D:1)
20 creatures vanquished.

Vanquished Creatures (collateral kills)
  A giant cockroach (D:2)
1 creature vanquished.

Vanquished Creatures (others)
  2 ancestors (D:2)
2 creatures vanquished.

Grand Total: 23 creatures vanquished

Notes
Turn   | Place    | Note
-------+----------+-------------------------------------------
     0 | D:1      | inmateoo the Kobold Hunter began the quest for the Orb.
     0 | D:1      | Reached XP level 1. HP: 12/12 MP: 1/1
    75 | D:1      | Reached XP level 2. HP: 15/18 MP: 2/2
   380 | D:1      | Reached XP level 3. HP: 18/23 MP: 3/3
   696 | D:2      | Found a hazy altar of Hepliaklqana.
   721 | D:2      | Became a worshipper of Hepliaklqana the Forgotten
  1042 | D:2      | Reached skill level 1 in Polearms
  1042 | D:2      | Reached XP level 4. HP: 11/26 MP: 4/4
  1066 | D:2      | HP: 1/26 [poisoned by a worker ant]
  1071 | D:2      | HP: 1/26 [poisoned by a worker ant]
  1077 | D:2      | Succumbed to a worker ant's poison

Vault maps used:
D:1:      dpeg_arrival_pond, layout_loops_ring
D:2:      layout_basic, overflow_temple_1_default,
          wander_ebering_terrifying_dragon_lair, uniq_natasha, uniq_terence

Skill      XL: |  1  2  3 |
---------------+----------+-----
Fighting       | 3 |  3.9
Polearms       | 1 |  1.0
Throwing       | |  4.3
Dodging        | |  2.7
Stealth        | |  1.3

Action                   |  1- 3 |  4- 6 || total
-------------------------+-------+-------++-------
Melee: Short sword       |    63 |       ||    63
       Spear             |    38 |       ||    38
Throw: Throwing net      |     1 |       ||     1
  Use: Potion            |     1 |       ||     1
 Stab: Held in net/web   |     1 |       ||     1
       Sleeping          |     1 |       ||     1
  Eat: Chunk             |     9 |       ||     9
Armor: Leather armour    |    17 |       ||    17
Dodge: Dodged            |    86 |       ||    86

Table legend:
 A = Non-vault XP
 B = Vault XP
 C = Vault XP percentage of total XP
 D = Non-vault monster count
 E = Vault monster count
 F = Vault count percentage of total count
                 A         B        C        D         E       F
            +---------+---------+-------+---------+---------+-------
      Total |      75 |       0 |   0.0 |      21 |       0 |   0.0
            +---------+---------+-------+---------+---------+-------
        D:1 |      36 |       0 |   0.0 |      19 |       0 |   0.0
        D:2 |      39 |       0 |   0.0 |       2 |       0 |   0.0
            +---------+---------+-------+---------+---------+-------
